 Dungeon Crawl Stone Soup version 0.29-a0-23-ga79f92ac9c (webtiles) character file.

Game seed: 298606796435504109

6439 ragingrage the Ogre Mage (level 10, 0/92 HPs)
             Began as an Ogre Fire Elementalist on Jan 30, 2022.
             Was a Follower of Vehumet.
             Succumbed to a hornet's poison
             ... while paralysed by a hornet
             ... on level 9 of the Dungeon on Jan 31, 2022.
             The game lasted 00:15:39 (12094 turns).

ragingrage the Ogre Mage (Ogre Fire Elementalist)  Turns: 12094, Time: 00:15:39

Health: 0/92       AC:  5    Str: 14    XL:     10   Next: 99%
Magic:  18/24      EV:  1    Int: 20    God:    Vehumet [*.....]
Gold:   661        SH:  0    Dex:  9    Spells: 19/29 levels left

rFire   + + .      SeeInvis .   j - staff of fire
rCold   x . .      Faith    .   (no shield)
rNeg    + . .      Spirit   .   i - +1 robe {rN+}
rPois   .          Reflect  .   (helmet restricted)
rElec   .          Harm     .   C - +0 cloak
rCorr   .          Rampage  .   (gloves unavailable)
Will    +....                   (boots unavailable)
Stlth   +.........              o - amulet of magic regeneration
HPRegen 0.25/turn               h - ring of fire
MPRegen 0.59/turn               (no ring)

@: paralysed, lethally poisoned (0 -> -29), slowed
A: large, unfitting armour, tough skin 1
a: Renounce Religion


You were on level 9 of the Dungeon.
You worshipped Vehumet.
Vehumet was aware of your devotion.
You visited 2 branches of the dungeon, and saw 10 of its levels.
You also visited: Ossuary.

You collected 717 gold pieces.
You spent 56 gold pieces at shops.

Inventory:

Hand Weapons
 g - a +2 flail of holy wrath
Missiles
 k - a curare-tipped dart
Armour
 i - a +1 robe of positive energy (worn)
 C - a +0 cloak (worn)
Magical Staves
 j - a staff of fire (weapon)
Jewellery
 h - a ring of fire (left hand)
 o - an amulet of magic regeneration (around neck)
 H - a ring of willpower
Wands
 s - a wand of iceblast (8)
 y - a wand of flame (16)
 G - a wand of digging (4)
Scrolls
 a - 3 scrolls of holy word
 f - 3 scrolls of fog
 l - a scroll of enchant armour
 m - 4 scrolls of magic mapping
 p - 3 scrolls of vulnerability
 r - 7 scrolls of identify
 t - 2 scrolls of amnesia
 z - a scroll of blinking
 A - a scroll of enchant weapon
 E - 2 scrolls of teleportation
 F - a scroll of torment {unknown}
Potions
 b - 8 potions of curing
 c - 2 potions of flight
 d - 2 potions of heal wounds
 e - a potion of resistance
 n - 2 potions of attraction
 q - a potion of lignification {unknown}
 u - a potion of might
 v - a potion of mutation {unknown}
 w - a potion of degeneration {unknown}
 x - 2 potions of brilliance
 B - a potion of cancellation {unknown}
 D - 2 potions of haste


   Skills:
 + Level 3.9 Fighting
 - Level 1.7 Dodging
 - Level 1.4 Stealth
 + Level 10.4 Spellcasting
 + Level 8.5 Conjurations
 + Level 8.9 Fire Magic


You had 19 spell levels left.
You knew the following spells:

 Your Spells              Type           Power      Damage    Failure   Level
a - Foxfire               Conj/Fire      100%       2x1d9     1%          1
b - Scorch                Fire           100%       2d10      1%          2
c - Conjure Flame         Conj/Fire      80%        6-21      1%          3
d - Flame Wave            Conj/Fire      80%        2d14      1%          4

Your spell library contained the following spells:

 Spells                   Type           Power      Damage    Failure   Level
 Sandblast                Erth           20%        2d7       7%          1
 Inner Flame              Hex/Fire       59%        N/A       3%          3
 Beastly Appendage        Tmut           20%        N/A       7%          1
 Pain                     Necr           40%        1d6       7%          1
 Wereblood                Tmut           10%        N/A       10%         2
 Ozocubu's Armour         Ice            10%        N/A       21%         3
 Spider Form              Tmut/Pois      10%        N/A       21%         3
 Agony                    Necr           10%        N/A       88%         5
 Excruciating Wounds      Necr           5%         N/A       88%         5
 Ozocubu's Refrigeration  Ice            5%         4d6       100%        7


Dungeon Overview and Level Annotations

Branches:
Dungeon (9/15)             Temple (1/1) D:4         Ossuary (visited)
   Lair: D:8-11         Orc: D:9-12

Altars:
Ashenzari
Dithmenos
Elyvilon
Fedhas
Hepliaklqana
Kikubaaqudgha
Makhleb
Nemelex Xobeh
Okawaru
Qazlal
Ru
Sif Muna
Trog
Uskayaw
Vehumet
Wu Jian
Zin
The Shining One

Shops:
D:2 (   D:7 :::*

Annotations:
D:1 exclusion: downstairs
D:3 exclusion: downstairs


Innate Abilities, Weirdness & Mutations

You are too large for most types of armour.
You have tough skin. (AC +1)


Message History

Casting: Scorch (safe; 1% risk of failure)
Confirm with . or Enter, or press ? or * to list all spells.
You feel a strong surge of power!
Flames lash the killer bee.
The killer bee is burned terribly!
You kill the killer bee!
Vehumet accepts your kill.
Casting: Scorch (safe; 1% risk of failure)
Confirm with . or Enter, or press ? or * to list all spells.
You feel a strong surge of power!
Flames lash the hornet.
The hornet is lightly wounded.
The hornet's fire resistance burns away.
The hornet completely misses you. The hornet stings you.
You feel yourself slow down.
Casting: Scorch (safe; 1% risk of failure)
Confirm with . or Enter, or press ? or * to list all spells.
You feel a strong surge of power!
Flames lash the hornet.
The hornet is burned terribly!
The hornet is heavily wounded.
The hornet stings you.
You are poisoned.
You feel as though you will be slow longer.
The hornet stings you!
You feel as though you will be slow longer.
Casting: Scorch (safe; 1% risk of failure)
Confirm with . or Enter, or press ? or * to list all spells.
You feel a strong surge of power!
Flames lash the hornet.
The hornet is burned terribly!
The hornet is severely wounded.
You feel very sick. The hornet stings you!
You suddenly lose the ability to move!
The hornet stings you.
You shrug off the repeated paralysis!
You feel sick. The hornet stings you!
* * * LOW HITPOINT WARNING * * *
You are lethally poisoned!
You feel as though you will be slow longer.
The hornet stings you!
* * * LOW HITPOINT WARNING * * *
You are more poisoned.
You feel as though you will be slow longer.
You die...

##....########..#.####
###.......# ##...#
#)....... ##..##
#)...###### ##..##
#####..#......###....# ##
....).#######.##..##.....#
##..)## #.##.## #.....
....)# ####.....###......
.....#####......@y.........
...........#####.#.##......
...######### #.#..# #####
##.# #.##.## #.# #.##..##
#.# ..###††### #.# .##
##.y.# ... # ###.# #.. ..#


You could see a hornet (combustible).

Vanquished Creatures
  2 manticores (D:7)
  Grinder (D:3)
  2 shadows
  Sigmund (D:4)
  5 yaks (D:9)
  Eustachio (D:4)
  Menkaure (D:7)
  A water moccasin (D:8)
  A black bear (D:5)
  6 orc warriors
  An ice beast (D:7)
  2 sky beasts
  2 ogres
  4 necrophages
  2 centaurs
  2 phantoms
  4 kobold brigands
  3 bullfrogs (D:8)
  2 scorpions (D:6)
  A gnoll sergeant (D:4)
  2 water moccasin zombies
  3 killer bees (D:9)
  3 wights (D:7)
  A bullfrog skeleton (D:5)
  3 bullfrog zombies
  A centaur zombie (D:8)
  5 orc priests
  A gnoll shaman (D:6)
  A hound (D:6)
  A jelly (D:5)
  Jessica (D:3)
  5 iguanas
  5 orc wizards
  Natasha (D:4)
  A scorpion zombie (D:5)
  8 mummies (Ossuary)
  A howler monkey zombie (D:9)
  11 gnolls
  6 adders
  A howler monkey skeleton (D:5)
  5 white imps
  3 worms (D:2)
  A dart slug (D:1)
  39 orcs
  8 bats
  5 endoplasms
  9 giant cockroaches
  A gnoll zombie (Ossuary)
  4 goblins
  8 hobgoblins
  3 jackals (D:1)
  6 quokkas
  10 ball pythons
  2 frilled lizards
  2 hobgoblin zombies (Ossuary)
  26 kobolds
  4 kobold zombies (Ossuary)
  An orc zombie (Ossuary)
  A quokka skeleton (D:4)
  6 rats
  A spectral kobold (D:8)
250 creatures vanquished.

Vanquished Creatures (others)
  995 foxfires
995 creatures vanquished.

Grand Total: 1245 creatures vanquished

Notes
Turn   | Place    | Note
-------+----------+-------------------------------------------
     0 | D:1      | ragingrage the Ogre Fire Elementalist began the quest for
                  | the Orb.
     0 | D:1      | Reached XP level 1. HP: 16/16 MP: 3/3
    39 | D:1      | Reached skill level 1 in Conjurations
    78 | D:1      | Found a faded altar of an unknown god.
   319 | D:1      | Reached XP level 2. HP: 24/24 MP: 2/5
   697 | D:1      | Reached skill level 3 in Spellcasting
   700 | D:1      | Reached XP level 3. HP: 31/31 MP: 0/7
   933 | D:1      | Learned a level 2 spell: Scorch
  1621 | D:2      | Found an iron altar of Okawaru.
  1753 | D:2      | Reached XP level 4. HP: 39/39 MP: 1/9
  2275 | D:2      | Found Jedom's Weapon Shoppe.
  3373 | D:3      | Noticed Grinder
  3723 | D:3      | Learned a level 3 spell: Conjure Flame
  3746 | D:3      | Reached XP level 5. HP: 45/45 MP: 4/10
  3762 | D:3      | Reached skill level 4 in Spellcasting
  4210 | D:3      | Noticed an ogre
  4260 | D:3      | Killed an ogre
  4261 | D:3      | Reached XP level 6. HP: 53/53 MP: 5/12
  4398 | D:3      | Noticed Jessica
  4401 | D:3      | Killed Jessica
  4525 | D:3      | Killed Grinder
  4526 | D:3      | Reached skill level 5 in Spellcasting
  4526 | D:3      | Reached XP level 7. HP: 59/59 MP: 5/14
  4840 | D:4      | Found a staircase to the Ecumenical Temple.
  4857 | Temple   | Entered the Ecumenical Temple
  5108 | D:4      | Noticed Sigmund
  5121 | D:4      | Killed Sigmund
  5122 | D:4      | Reached skill level 5 in Fire Magic
  5423 | D:4      | Noticed Eustachio
  5436 | D:4      | Killed Eustachio
  5437 | D:4      | Reached skill level 6 in Spellcasting
  5437 | D:4      | Reached XP level 8. HP: 67/67 MP: 10/17
  6020 | D:4      | Noticed Natasha
  6023 | D:4      | Killed Natasha
  6218 | D:4      | Reached skill level 5 in Conjurations
  6913 | D:5      | Entered Level 5 of the Dungeon
  6995 | D:5      | Learned a level 4 spell: Flame Wave
  7120 | D:5      | Reached skill level 7 in Spellcasting
  7155 | D:5      | Reached XP level 9. HP: 66/74 MP: 3/20
  7913 | D:6      | Reached skill level 8 in Spellcasting
  8686 | D:7      | Found a sand-covered staircase.
  8690 | Ossuary  | Entered an ossuary
  8986 | D:7      | Found a sacrificial altar of Ru.
  9030 | D:7      | Found Supnisuhi's General Store.
  9065 | D:7      | Reached skill level 9 in Spellcasting
  9073 | D:7      | Noticed a manticore
  9102 | D:7      | Reached XP level 10. HP: 43/81 MP: 17/23
  9404 | D:7      | Noticed a manticore
  9414 | D:7      | Killed a manticore
  9706 | D:7      | Bought a potion of brilliance for 56 gold pieces
  9727 | D:7      | Found Adioghy's Book Shoppe.
  9742 | D:7      | Killed a manticore
  9966 | D:7      | Found a radiant altar of Vehumet.
  9984 | D:7      | Became a worshipper of Vehumet
 10004 | D:7      | Found Bosioly's Book Emporium.
 10028 | D:7      | Found a broken altar of Ashenzari.
 10065 | D:7      | Noticed Menkaure
 10069 | D:7      | Killed Menkaure
 10091 | D:7      | Found Falisuosuv's Book Boutique.
 10197 | D:7      | Found an ornate altar of the Wu Jian Council.
 10433 | D:8      | Noticed a +0 dagger
 10504 | D:8      | Noticed a +0 dagger
 10544 | D:8      | Reached skill level 1 in Fighting
 10557 | D:8      | Found a hide-covered altar of Uskayaw.
 10623 | D:8      | Found a hazy altar of Hepliaklqana.
 10651 | D:8      | Found a bloodstained altar of Trog.
 10664 | D:8      | Reached skill level 10 in Spellcasting
 10942 | D:8      | Found a glowing golden altar of the Shining One.
 11050 | D:8      | Reached * piety under Vehumet
 11050 | D:8      | Offered knowledge of Sandblast by Vehumet.
 11411 | D:8      | Noticed a centaur warrior
 11597 | D:9      | Found a burning altar of Makhleb.
 12092 | D:9      | Paralysed by a hornet for 3 turns
 12094 | D:9      | Succumbed to a hornet's poison

Illustrated notes

Levels and vault maps discovered:
D:1:      dpeg_arrival_short_road, layout_loops_ring,
          hellmonk_ecumenical_altar_heavens_door, chequers_mini_garden
D:2:      layout_basic, serial_shops, nicolae_shop_bloodbath_and_beyond,
          basic_altar
D:3:      layout_basic, serial_park_tiny_2, minmay_cupped, uniq_jessica,
          uniq_grinder
D:4:      layout_basic, minmay_temple_entry_glassed_door, lightli_minifort,
          uniq_natasha, uniq_eustachio, uniq_sigmund
D:5:      layout_basic
D:6:      layout_layer_cave, nicolae_concentric_dashed_squares_wild,
          minmay_fractal_squares_5
D:7:      minmay_cornered_nines, layout_cave_pools, old_standard_altar,
          lemuel_coloured_pillars_altar, cheibrodos_ashenzari_chains,
          nicolae_vehumet_radiance, enter_ossuary_5, serial_shops,
          nicolae_shop_advertising_works [nicolae_subvault_shop_adworks], shop,
          shop, kennysheep_mini_moat, chequers_serial_rivers_room_a,
          uniq_menkaure
D:8:      minmay_recursive_quarters, layout_gridville,
          nicolae_overflow_crystal_walls, mainiacjoe_overflow_24_doors,
          dancing_weapons_uskayaw, nicolae_hepliaklqana_monster_ancestors,
          chequers_arboretum
D:9:      layout_rooms, mainiacjoe_overflow_small_starburst
Temple:   jpeg_temple_island

Skill      XL: |  1  2  3  4  5  6  7  8  9 10 |
---------------+-------------------------------+-----
Conjurations   | 1 2 3 4 5 7 8 |  8.5
Fire Magic     | 3 4 5 6 7 8 |  8.9
Spellcasting   | 3 4 5 6 7 9 10 | 10.4
Fighting       | 3 |  3.9
Dodging        | |  1.7
Stealth        | |  1.4

Action                   |  1- 3 |  4- 6 |  7- 9 | 10-12 || total
-------------------------+-------+-------+-------+-------++-------
Melee: Falchion          |    35 |       |       |       ||    35
       Punch             |     1 |       |     1 |       ||     2
       Staff             |       |    19 |     8 |    14 ||    41
       Flail             |       |     1 |       |       ||     1
 Cast: Foxfire           |    77 |    81 |   306 |   117 ||   581
       Scorch            |       |    10 |    51 |    64 ||   125
       Conjure Flame     |       |     1 |     1 |       ||     2
       Flame Wave        |       |       |     1 |       ||     1
  Use: Scroll            |       |     6 |     5 |     6 ||    17
       Potion            |       |       |     1 |     1 ||     2
 Stab: Sleeping          |     1 |     1 |       |       ||     2
Armor: Robe              |    22 |     6 |     9 |    27 ||    64
Dodge: Dodged            |    31 |    12 |    25 |    29 ||    97

Table legend: (Time is in decaauts)
 A = Elapsed time spent in this place.
 B = Non-inter-level travel time spent in this place.
 C = Inter-level travel time spent in this place.
 D = Time resting spent in this place.
 E = Time spent auto-exploring this place.
 F = Levels seen in this place.
 G = Mean time per level.
                   A        B        C        D        E       F      G
               +--------+--------+--------+--------+--------+-----+--------+
         Total |  12165 |  11630 |    535 |   2036 |   7547 |  11 | 1105.9 |
       Dungeon |  11606 |  11072 |    534 |   1986 |   7150 |   9 | 1289.6 |
        Temple |    286 |    286 |      0 |      0 |    275 |   1 |  286.0 |
       Ossuary |    272 |    272 |      0 |     50 |    122 |   1 |  272.0 |
               +--------+--------+--------+--------+--------+-----+--------+

Top non-repeatable levels by time:
     D:4: 1845 daAuts
     D:1: 1725 daAuts
     D:2: 1670 daAuts
     D:3: 1451 daAuts
     D:8: 1208 daAuts
     D:7: 1175 daAuts
     D:6: 1092 daAuts
     D:5: 919 daAuts
     D:9: 518 daAuts
  Temple: 286 daAuts
 Ossuary: 272 daAuts
